cohdb
Replays
Latest Replays
All Replays
Popular Replays
Top Player Replays
Match Explorer
How It Works
Community
CoH3 Stats
Reddit
Sign in to upload your games and track your stats! →
Sign in with Steam
Match 35575280
Unlisted
Match 35575280
Overview
Messages
Build Orders
End
Kradschützen Motorcycle Team
Selects Italian Infantry
Panzergrenadier Squad
Panzergrenadier Squad
Panzergrenadier Squad
Construct Light Support Kompanie
Selects Defensive Operations
Combat Half-tracks
2.5-tonne Medical Truck
Kradschützen Motorcycle Team
Panzerjäger Mechanized Group
Fire Support Elements
Selects Prepared Positions
Construct Panzerarmee Kommand
Panzergrenadier Squad
Selects Guastatori Squad
Panzer III L Medium Tank
Selects Registered Artillery
Advanced Field Repairs
Flak 36 Anti-tank Gun Team
Selects Towed Cannone da 105/28 Field Howitzer
Veteran Squad Leaders
Selects Obice 305mm Barrage
Towed Cannone da 105/28 Field Howitzer
Registered Artillery
✠HerrKlingtGut✠
deadsadbadmad
Gooral
Kaminsky
0
0
Comments
sign in to comment!
No comments posted yet!